 Dungeon Crawl Stone Soup version 0.30.1-3-gfc49f6343a (webtiles) character file.

Game seed: 15124183156182102445

489 cjg1290 the Slasher (level 6, -5/55 HPs)
             Began as a Minotaur Berserker on July 23, 2023.
             Was a Believer of Trog.
             Slain by an ogre
             ... wielding a +0 giant spiked club
              (17 damage)
             ... on level 5 of the Dungeon.
             The game lasted 00:07:30 (3119 turns).

cjg1290 the Slasher (Minotaur Berserker)            Turns: 3119, Time: 00:07:31

Health: -5/55      AC:  7    Str: 24    XL:     6   Next: 90%
Magic:  5/5        EV:  9    Int:  4    God:    Trog [**....]
Gold:   196        SH: 11    Dex:  9    Spells: 5/5 levels left

rFire   . . .        a - +0 falchion
rCold   . . .        m - +0 tower shield
rNeg    . . .        g - +0 ring mail
rPois   .            (helmet restricted)
rElec   .            (no cloak)
rCorr   .            h - +0 pair of gloves
SInv    +            (no boots)
Will    .....        (no amulet) Stlth
                     f - ring of see invisible
HPRegen 0.29/turn    (no ring)
MPRegen 0.09/turn

%: no passive effects
@: on berserk cooldown, slowed, very slow
A: horns 2, retaliatory headbutt
a: Renounce Religion, Berserk, Trog's Hand


You were on level 5 of the Dungeon.
You worshipped Trog.
Trog was pleased with you.
You visited 1 branch of the dungeon, and saw 5 of its levels.

You collected 196 gold pieces.

Inventory:

Hand Weapons
 a - a +0 falchion (weapon)
Armour
 g - a +0 ring mail (worn)
 h - a +0 pair of gloves (worn)
 m - a +0 tower shield (worn)
Jewellery
 f - a ring of see invisible (left hand)
 s - a +4 ring of slaying
Scrolls
 d - a scroll of magic mapping {unknown}
 j - a scroll of poison {unknown}
 l - a scroll of teleportation {unknown}
 o - a scroll of fear {unknown}
 p - 4 scrolls of identify {unknown}
 r - a scroll of enchant armour {unknown}
Potions
 b - 2 potions of magic {unknown}
 c - 2 potions of degeneration {unknown}
 e - 4 potions of curing {unknown}
 i - a potion of resistance {unknown}
 k - 2 potions of haste {unknown}
 n - 2 potions of flight {unknown}
 q - a potion of berserk rage {unknown}


   Skills:
 + Level 4.9 Fighting
 + Level 6.5 Long Blades
 + Level 4.5 Armour
 + Level 3.3 Dodging
 + Level 0.3 Stealth
 + Level 2.9 Shields


You had 5 spell levels left.
You didn't know any spells.
Your spell library was empty.

Dungeon Overview and Level Annotations

Branches:
Dungeon (5/15)
 Temple: D:4-7

Altars:
Elyvilon
Gozag
Okawaru
Qazlal
The Shining One

Shops:
D:4 *

Annotations:
D:4 2 transporters


Innate Abilities, Weirdness & Mutations

You have a pair of horns on your head.
You reflexively headbutt those who attack you in melee.


Message History

You completely miss the iguana.
The iguana is almost dead.
The iguana bites you. You block the iguana's attack.
You closely miss the iguana.
The iguana is almost dead.
You block the iguana's attack.
You closely miss the iguana. You headbutt the iguana.
You kill the iguana!
Trog accepts your kill.
An ogre comes into view. It is wielding a +0 giant spiked club.
Things that are here:
a +0 dagger; a +0 robe; an iguana corpse The ogre shouts!
You hear a shout!
Things that are here:
a +0 rapier; a +0 leather armour of positive energy; the elf corpse of Duvessa
There is a stone staircase leading up here.
You slash the ogre!
The ogre is moderately wounded.
The ogre closely misses you.
You slash the ogre! You headbutt the ogre.
The ogre is severely wounded.
The ogre hits you with a +0 giant spiked club!
You block the ogre's attack.
You hit the ogre but do no damage. Your headbutt misses the ogre.
The ogre is heavily wounded.
The ogre closely misses you. You furiously retaliate!
You headbutt the ogre. You hit the ogre.
The ogre is almost dead.
The ogre hits you with a +0 giant spiked club!
* * * LOW HITPOINT WARNING * * *
You hit the ogre.
The ogre is almost dead.
The ogre hits you with a +0 giant spiked club.
* * * LOW HITPOINT WARNING * * *
A gnoll comes into view. It is wielding a +0 spear.
You closely miss the ogre.
The ogre is almost dead.
You block the ogre's attack.
The ogre hits you with a +0 giant spiked club!
You die...

# .. ... #.
..!.
##..#######.g.#
.......)....#
....#..@O..##
......####....#
....## ..###
... ... .. ####
#


You could see an ogre and a gnoll.

Vanquished Creatures
  Duvessa (D:5)
  A scorpion (D:4)
  Dowan (D:5)
  A crimson imp (D:3)
  2 iguanas (D:5)
  A sleepcap (D:4)
  Natasha (thrice) (D:3)
  2 adders
  2 dart slugs (D:4)
  An orc (D:2)
  6 ball pythons
  8 endoplasms
  4 giant cockroaches
  5 hobgoblins
  7 jackals
  4 kobolds
  5 quokkas
  A frilled lizard (D:1)
  3 goblins
  A goblin skeleton (D:3)
  3 goblin zombies (D:3)
  3 hobgoblin zombies (D:3)
  A kobold zombie (D:3)
  4 orc skeletons (D:3)
  An orc zombie (D:3)
  4 rats
75 creatures vanquished.

Notes
Turn   | Place    | Note
-------+----------+-------------------------------------------
     0 | D:1      | cjg1290 the Minotaur Berserker began the quest for the Orb.
     0 | D:1      | Reached XP level 1. HP: 19/19 MP: 0/0
   156 | D:1      | Reached skill level 4 in Long Blades
   166 | D:1      | Reached XP level 2. HP: 27/27 MP: 1/1
   902 | D:2      | Found a stormy altar of Qazlal.
   982 | D:2      | Reached XP level 3. HP: 33/33 MP: 2/2
  1501 | D:3      | Noticed Natasha
  1511 | D:3      | Killed Natasha
  1512 | D:3      | Reached skill level 5 in Long Blades
  1512 | D:3      | Reached XP level 4. HP: 27/41 MP: 3/3
  1667 | D:3      | Found an opulent altar of Gozag.
  1754 | D:3      | Reached ** piety under Trog
  1765 | D:3      | Found a glowing golden altar of the Shining One.
  1765 | D:3      | Noticed Natasha
  1771 | D:3      | Killed Natasha
  1786 | D:3      | Reached XP level 5. HP: 47/47 MP: 4/4
  2039 | D:3      | Reached skill level 1 in Shields
  2116 | D:3      | Noticed Natasha
  2125 | D:3      | Killed Natasha
  2172 | D:4      | Found a transporter.
  2175 | D:4      | Found a stormy altar of Qazlal.
  2406 | D:4      | Found the +8 lance "Wyrmbane" {slay drac, rPois rF+ rC+
                  | AC+3}
  2426 | D:4      | Found a transporter.
  2437 | D:4      | Found Duoxkas's Assorted Antiques.
  2600 | D:4      | Found an iron altar of Okawaru.
  2610 | D:4      | Found a white marble altar of Elyvilon.
  2721 | D:4      | Reached skill level 6 in Long Blades
  2983 | D:4      | Reached XP level 6. HP: 49/53 MP: 5/5
  3084 | D:5      | Entered Level 5 of the Dungeon
  3084 | D:5      | Noticed Duvessa
  3085 | D:5      | Noticed Dowan
  3093 | D:5      | Killed Duvessa
  3095 | D:5      | Killed Dowan
  3119 | D:5      | Slain by an ogre

Illustrated notes

Levels and vault maps discovered:
D:1:      roderic_crossed_star, layout_basic, hangedman_abyss_or_decor_stabs
D:2:      layout_basic, basic_altar, minivault_4, nicolae_hexahallways
D:3:      layout_loops_ring, nicolae_tso_besieged_by_evil,
          mainiacjoe_overflow_catwalk, uniq_natasha
D:4:      gammafunk_steamed_eel, layout_basic, nicolae_qazlal_scattered_showers,
          mainiacjoe_overflow_big_doors, serial_shops, nicolae_shop_trees
D:5:      layout_rooms, uniq_duvessa

Skill      XL: |  1  2  3  4  5  6 |
---------------+-------------------+-----
Long Blades    | 4 5 6 |  6.5
Fighting       | 4 |  4.9
Armour         | 3 4 |  4.5
Shields        | 2 |  2.9
Dodging        | 3 |  3.3
Stealth        | |  0.3

Action                     |  1- 3 |  4- 6 || total
---------------------------+-------+-------++-------
  Melee: Falchion          |    66 |   150 ||   216
         Headbutt          |    10 |    24 ||    34
 Invoke: Berserk           |       |     2 ||     2
 Armour: Animal skin       |     3 |       ||     3
         Ring mail         |    14 |    44 ||    58
  Dodge: Dodged            |    49 |    55 ||   104
  Block: Tower shield      |       |    86 ||    86
